 Dungeon Crawl Stone Soup version 0.24-a0-358-g53aee78b01 (webtiles) character file.

Game seed: 13067871793875760667

145 Lanoc the Slasher (level 5, -4/42 HPs)
             Began as a Formicid Monk on May 25, 2019.
             Slain by a sickly merfolk siren
             ... wielding a +0 spear
              (5 damage)
             ... in a sewer.
             The game lasted 00:07:09 (2983 turns).

Lanoc the Slasher (Formicid Monk)                   Turns: 2983, Time: 00:07:10

Health: -4/42      AC:  2    Str: 15    XL:     5   Next: 53%
Magic:  5/5        EV: 13    Int: 10    God:
Gold:   169        SH:  0    Dex: 14    Spells: 4/4 levels left

rFire    + . .     SeeInvis +   a - +0 falchion
rCold    . . .     Gourm    .   (no shield)
rNeg     . . .     Faith    .   b - +0 robe
rPois    .         Spirit   .   (helmet unavailable)
rElec    .         Reflect  .   (no cloak)
rCorr    .         Harm     .   (no gloves)
MR       .....                  (no boots)
Stlth    +.........             (no amulet)
HPRegen  0.14/turn              g - ring of attention (curse)
MPRegen  0.09/turn              i - ring of protection from fire

@: mesmerised, very slow
A: permanent stasis, dig shafts and tunnels, four strong arms, antennae 3
a: Dig, Shaft Self


You were in a sewer.
You were not hungry.

You visited 1 branch of the dungeon, and saw 4 of its levels.
You also visited: Sewer.

You collected 169 gold pieces.

Inventory:

Hand Weapons
 a - a +0 falchion (weapon)
Armour
 b - a +0 robe (worn)
Jewellery
 g - a cursed ring of attention (left hand)
 i - a ring of protection from fire (right hand)
Wands
 h - a wand of polymorph (9)
Scrolls
 d - 3 scrolls of identify
Potions
 e - 5 potions of flight
Comestibles
 c - 7 rations


   Skills:
 + Level 4.1 Fighting
 * Level 4.3 Long Blades
 + Level 2.0 Armour
 + Level 3.3 Dodging
 - Level 2.4 Stealth


You had 4 spell levels left.
You didn't know any spells.
Your spell library was empty.

Dungeon Overview and Level Annotations

Branches:
Dungeon (4/15)
 Temple: D:4-7

Altars:

Annotations:
D:3 Sigmund


Innate Abilities, Weirdness & Mutations

You cannot be hasted, slowed, berserked, paralysed or teleported.
You can dig through walls and to a lower floor.
Your four strong arms can wield two-handed weapons with a shield.
You have a pair of large antennae on your head. (SInv)


Message History

Your unstable footing causes you to fumble your attack.
The leopard gecko closely misses you.
The sickly merfolk siren chants its luring song.
The leopard gecko bites you.
* * * LOW HITPOINT WARNING * * *
The leopard gecko closely misses you.
Unknown command.
You closely miss the sickly merfolk siren.
The sickly merfolk siren is lightly wounded.
The sickly merfolk siren chants its luring song.
The leopard gecko bites you.
* * * LOW HITPOINT WARNING * * *
The leopard gecko misses you.
You riposte.
You closely miss the leopard gecko.
The sickly merfolk siren chants its luring song.
Your unstable footing causes you to fumble your attack.
The leopard gecko barely misses you. The leopard gecko closely misses you.
The leopard gecko barely misses you.
You riposte.
You closely miss the leopard gecko.
The sickly merfolk siren hits you with a +0 spear.
You die...

################ ##
#..÷†..##......# #≈
#.#####.#...≈.?###≈
#†#≈≈##.####≈###≈≈≈
#≈@l#≈#.#≈≈≈≈≈≈≈≈≈#
#≈ml##≈#.#≈≈≈≈≈†....
≈≈≈≈rr.#≈≈≈#≈≈≈...####
≈≈#≈≈...####≈≈≈†...##
#≈...## ##≈...###
....### ###### #####


You could see a sickly merfolk siren, 2 leopard geckos and 2 rats.

Vanquished Creatures
  A hound (D:4)
  5 adders
  2 river rats (Sewer)
  4 leopard geckos
  2 orcs (D:4)
  5 giant cockroaches
  4 goblins
  2 hobgoblins
  A quokka (D:3)
  2 ball pythons
  2 bats (D:1)
  4 frilled lizards
  4 kobolds
  16 rats
54 creatures vanquished.

Notes
Turn   | Place    | Note
-------+----------+-------------------------------------------
     0 | D:1      | Lanoc the Formicid Monk began the quest for the Orb.
     0 | D:1      | Reached XP level 1. HP: 18/18 MP: 1/1
   431 | D:1      | Reached XP level 2. HP: 24/24 MP: 2/2
  1611 | D:2      | Reached skill level 1 in Armour
  1611 | D:2      | Reached XP level 3. HP: 29/29 MP: 3/3
  2319 | D:3      | Noticed Sigmund
  2367 | D:4      | Found a glowing drain.
  2385 | D:4      | Reached XP level 4. HP: 24/37 MP: 4/4
  2696 | Sewer    | Entered a sewer
  2804 | Sewer    | Reached XP level 5. HP: 38/42 MP: 5/5
  2981 | Sewer    | HP: 2/42 [leopard gecko (4)]
  2983 | Sewer    | Slain by a sickly merfolk siren

Levels and vault maps discovered:
D:1:      lemuel_arrival_river_bridge, layout_basic
D:2:      layout_basic
D:3:      layout_basic, uniq_terence, uniq_robin, uniq_sigmund
D:4:      layout_rooms, gup_sewer_entry_glass, minmay_strange_pillars,
          kennysheep_potato, uniq_blork_the_orc
Sewer:    sewer_sea

Skill      XL: |  1  2  3  4  5 |
---------------+----------------+-----
Armour         | 1 2 |  2.0
Dodging        | 3 |  3.3
Long Blades    | 4 |  4.3
Fighting       | 4 |  4.1
Stealth        | |  2.4

Action                   |  1- 3 |  4- 6 || total
-------------------------+-------+-------++-------
Melee: Falchion          |    89 |    95 ||   184
  Use: Scroll            |     4 |     1 ||     5
       Potion            |     2 |       ||     2
 Stab: Sleeping          |     2 |       ||     2
  Eat: Chunk             |     5 |     2 ||     7
Armor: Robe              |     8 |     7 ||    15
Dodge: Dodged            |    68 |    75 ||   143
       Rpst.: Falchion   |    25 |    26 ||    51

Table legend:
 A = Non-vault XP
 B = Vault XP
 C = Vault XP percentage of total XP
 D = Non-vault monster count
 E = Vault monster count
 F = Vault count percentage of total count
                 A         B        C        D         E       F
            +---------+---------+-------+---------+---------+-------
      Total |      99 |     109 |  52.4 |      26 |      28 |  51.9
            +---------+---------+-------+---------+---------+-------
        D:1 |      14 |       0 |   0.0 |      11 |       0 |   0.0
        D:2 |      26 |       0 |   0.0 |       8 |       0 |   0.0
        D:3 |       4 |       0 |   0.0 |       2 |       0 |   0.0
        D:4 |      55 |      31 |  36.0 |       5 |       4 |  44.4
      Sewer |       0 |      78 | 100.0 |       0 |      24 | 100.0
            +---------+---------+-------+---------+---------+-------
